 Dungeon Crawl Stone Soup version 0.28-a0-998-gb9e9c7b (webtiles) character file.

Game seed: 8019457426260040071

247 Remcycle the Spear-Bearer (level 6, 0/44 HPs)
             Began as a Merfolk Gladiator on Dec 5, 2021.
             Killed from afar by Sigmund (12 damage)
             ... with a magic dart
             ... on level 4 of the Dungeon.
             The game lasted 00:06:30 (3881 turns).

Remcycle the Spear-Bearer (Merfolk Gladiator)       Turns: 3881, Time: 00:06:30

Health: 0/44       AC:  4    Str: 16    XL:     6   Next: 11%
Magic:  6/6        EV: 13    Int:  7    God:
Gold:   125        SH:  0    Dex: 16    Spells: 5/5 levels left

rFire   + . .      SeeInvis .   a - +0 trident
rCold   + . .      Faith    .   (no shield)
rNeg    . . .      Spirit   .   b - +0 leather armour
rPois   .          Reflect  .   c - +0 helmet
rElec   .          Harm     .   g - scarf {rC+ rF+}
rCorr   .          Rampage  .   (no gloves)
Will    .....                   (no boots)
Stlth   +.........              (no amulet)
HPRegen 0.14/turn               (no ring)
MPRegen 0.10/turn               (no ring)

@: flying (expiring)
A: (nimble swimmer 2), mertail
a: no special abilities


You were on level 4 of the Dungeon.
You visited 1 branch of the dungeon, and saw 4 of its levels.

You collected 125 gold pieces.

Inventory:

Hand Weapons
 a - a +0 trident (weapon)
Missiles
 d - 3 throwing nets (quivered)
Armour
 b - a +0 leather armour (worn)
 c - a +0 helmet (worn)
 g - a scarf of resistance (worn)
Potions
 h - 2 potions of mutation


   Skills:
 - Level 2.1 Fighting
 + Level 9.6 Polearms
 - Level 2.0 Throwing
 - Level 4.0 Dodging


You had 5 spell levels left.
You didn't know any spells.
Your spell library was empty.

Dungeon Overview and Level Annotations

Branches:
Dungeon (4/15)
 Temple: D:4-7

Altars:
Yredelemnul

Shops:
D:2 *

Annotations:
D:4 Sigmund


Innate Abilities, Weirdness & Mutations

((You are quick and stealthy near water. (Stealth+, EV+, Speed+++)))
Your lower body shifts to a powerful aquatic tail in water.


Message History

You feel magically purged.
You feel less confused. Sigmund closely misses you.
You hit Sigmund.
Sigmund is lightly wounded.
You hit Sigmund but do no damage.
Sigmund is lightly wounded.
Sigmund barely misses you.
It was a potion of flight.
You feel very buoyant.
You fly up into the air.
Sigmund hits you with a +0 scythe!
* * * LOW HITPOINT WARNING * * *
It was a potion of ambrosia.
You are confused.
You feel invigorated.
You closely miss Sigmund.
Sigmund is lightly wounded.
Sigmund misses you.
You miss Sigmund.
Sigmund is lightly wounded.
Sigmund hits you from afar with a +0 scythe!
* * * LOW HITPOINT WARNING * * *
You bump into the rock wall.
Sigmund misses you.
You bump into the rock wall.
You bump into the rock wall.
You feel less invigorated.
You feel less confused.
Sigmund hits you from afar with a +0 scythe!
* * * LOW HITPOINT WARNING * * *
Sigmund points at you and mumbles some strange words.
You are confused.
You bump into the rock wall.
Sigmund casts a spell at you.
The puff of flame hits you but does no damage.
There is a stone staircase leading down here.
You bump into the rock wall.
You feel less confused.
You are starting to lose your buoyancy.
Sigmund casts a spell at you. The magic dart hits you!
You die...

...# #.# #.#
##..### ..## #.#
#.# ##..## ...#
#.###.# #..##
....#
#.#...####.##
?.....
#>#.#......#
...###
#######@......####
...#
.........####.#
..... ..##.##..#
#.. ?..### #.
#@.## ##.# ####
#.......# ..
#.....#.# #?#
#..##...# .K #.
###.# .. #.. . #.#
.#


You could see Sigmund.

Vanquished Creatures
  Natasha (thrice) (D:3)
  An iguana (D:3)
  An orc wizard (D:3)
  Robin (D:3)
  2 adders
  A howler monkey skeleton (D:3)
  A worm (D:2)
  6 orcs (D:3)
  7 endoplasms
  8 giant cockroaches
  9 hobgoblins
  4 quokkas
  3 ball pythons
  5 bats
  4 frilled lizards
  8 goblins
  5 kobolds
  8 rats
77 creatures vanquished.

Notes
Turn   | Place    | Note
-------+----------+-------------------------------------------
     0 | D:1      | Remcycle the Merfolk Gladiator began the quest for the Orb.
     0 | D:1      | Reached XP level 1. HP: 16/16 MP: 1/1
   182 | D:1      | Reached skill level 5 in Polearms
   231 | D:1      | Reached XP level 2. HP: 22/22 MP: 2/2
   824 | D:1      | Reached skill level 6 in Polearms
   824 | D:1      | Reached XP level 3. HP: 26/27 MP: 3/3
  1054 | D:2      | Found a basalt altar of Yredelemnul.
  1558 | D:2      | Found Nuitsol's General Store.
  1710 | D:3      | Reached skill level 7 in Polearms
  1710 | D:3      | Reached XP level 4. HP: 20/33 MP: 4/4
  1887 | D:3      | Noticed Robin
  1892 | D:3      | Killed Robin
  2292 | D:3      | Noticed Natasha
  2298 | D:3      | Killed Natasha
  2299 | D:3      | Reached skill level 8 in Polearms
  2299 | D:3      | Reached XP level 5. HP: 38/38 MP: 5/5
  2464 | D:3      | Reached skill level 9 in Polearms
  3049 | D:3      | Noticed Natasha
  3058 | D:3      | Killed Natasha
  3490 | D:3      | Noticed Natasha
  3495 | D:3      | Killed Natasha
  3496 | D:3      | Reached XP level 6. HP: 40/44 MP: 6/6
  3543 | D:4      | Noticed Sigmund
  3881 | D:4      | Killed from afar by Sigmund

Illustrated notes

Levels and vault maps discovered:
D:1:      lightli_arrival_statue_moat, layout_loops_ring
D:2:      layout_basic, serial_shops, shop, basic_altar, minmay_hedge_maze
D:3:      layout_loops_ring, corexii_hall_statues_i, uniq_robin, uniq_natasha
D:4:      layout_rooms, uniq_sigmund, uniq_grinder

Skill      XL: |  1  2  3  4  5 |
---------------+----------------+-----
Polearms       | 5 6 7 8 9 |  9.6
Fighting       | |  2.1
Throwing       | |  2.0
Dodging        | |  4.0

Action                   |  1- 3 |  4- 6 || total
-------------------------+-------+-------++-------
Melee: Trident           |   135 |   103 ||   238
  Use: Potion            |       |     3 ||     3
       Scroll            |       |     2 ||     2
 Stab: Sleeping          |     3 |     5 ||     8
       Distracted        |       |     1 ||     1
Armor: Leather armour    |    22 |     6 ||    28
Dodge: Dodged            |    56 |    38 ||    94

Table legend: (Time is in decaauts)
 A = Elapsed time spent in this place.
 B = Non-inter-level travel time spent in this place.
 C = Inter-level travel time spent in this place.
 D = Time resting spent in this place.
 E = Time spent auto-exploring this place.
 F = Levels seen in this place.
 G = Mean time per level.
                   A        B        C        D        E       F      G
               +--------+--------+--------+--------+--------+-----+--------+
         Total |   3877 |   3754 |    123 |    346 |   2885 |   4 |  969.2 |
       Dungeon |   3877 |   3754 |    123 |    346 |   2885 |   4 |  969.2 |
               +--------+--------+--------+--------+--------+-----+--------+

Top non-repeatable levels by time:
     D:3: 1889 daAuts
     D:1: 873 daAuts
     D:2: 829 daAuts
     D:4: 285 daAuts
